 Dungeon Crawl Stone Soup version 0.20.1-1-g8b1a95d (webtiles) character file.

1918 wolfsongas the Basher (level 9, -8/56 HPs)
             Began as a Gargoyle Fighter on Aug 1, 2017.
             Was a Follower of Qazlal.
             Killed by divine providence
             ... invoked by an orc priest
              (14 damage)
             ... on level 6 of the Dungeon.
             The game lasted 00:15:24 (5726 turns).

wolfsongas the Basher (Gargoyle Fighter)            Turns: 5726, Time: 00:15:25

Health: -8/56      AC: 13    Str: 23    XL:     9   Next: 16%
Magic:  9/9        EV:  8    Int: 15    God:    Qazlal [*.....]
Gold:   246        SH: 12    Dex:  9    Spells: 8/8 levels left

rFire    . . .     SeeInvis .   a - +0 flail
rCold    . . .     Gourm    .   c - +1 shield
rNeg     + . .     Faith    .   b - +0 scale mail
rPois    ∞         Spirit   .   (no helmet)
rElec    +         Reflect  .   (no cloak)
rCorr    .         Harm     .   (no gloves)
MR       .....                  (no boots)
Stlth    ..........             (no amulet)
Regen    0.2/turn               o - +4 ring of intelligence
MPRegen  0.2/turn               (no ring)

@: no status effects
A: clever 1, deterioration 1, negative energy resistance 1, electricity
resistance, unbreathing, petrification resistance, rot immunity, AC +5
a: Renounce Religion


You were on level 6 of the Dungeon.
You worshipped Qazlal.
Qazlal was aware of your devotion.
You were not hungry.

You visited 1 branch of the dungeon, and saw 6 of its levels.

You collected 246 gold pieces.

Inventory:

Hand Weapons
 a - a +0 flail (weapon)
 j - a +0 lajatang
Armour
 b - a +0 scale mail (worn)
 c - a +1 shield (worn)
Jewellery
 o - a +4 ring of intelligence (left hand)
 p - a cursed ring of flight
Scrolls
 e - 2 scrolls of identify
 g - 2 scrolls of teleportation
 i - 2 scrolls of amnesia
 k - 3 scrolls of remove curse
 l - a scroll of enchant armour
 t - 2 scrolls of enchant weapon
Potions
 d - 5 potions of curing
 m - 2 potions of magic
 n - 2 potions of might
 q - a potion of flight {unknown}
 r - a potion of haste {unknown}
 s - a potion of ambrosia {unknown}
Comestibles
 f - 2 bread rations
 h - 7 fruits
 u - 2 meat rations


   Skills:
 + Level 6.9 Fighting
 * Level 9.0 Maces & Flails
 + Level 5.9 Armour
 - Level 1.3 Dodging
 - Level 0.2 Stealth
 - Level 3.2 Shields
 + Level 1.0 Invocations


You had 8 spell levels left.
You didn't know any spells.

Dungeon Overview and Level Annotations

Branches:
Dungeon (6/15)             Temple (0/1) D:6

Altars:
Makhleb
Nemelex Xobeh
Qazlal
Vehumet
Zin


Innate Abilities, Weirdness & Mutations

You are resistant to torment.
Your stone body is resilient. (AC +5)
You are immune to poison.
You resist negative energy. (rN+)
You are resistant to electric shocks. (rElec)
You can survive without breathing.
You are immune to petrification.
You are immune to rotting.
Your mind is acute. (Int +2)
Your body sometimes deteriorates upon taking damage.


Message History

The orc priest hits you but does no damage.
The orc priest calls down the wrath of Beogh upon you.
Beogh smites you!
* * * LOW HITPOINT WARNING * * *
You sock the orc priest!
You kill the orc priest!
Qazlal accepts your kill.
You thump the orc priest!
The orc priest is severely wounded.
You block the orc priest's attack.
You closely miss the orc priest.
The orc priest is severely wounded.
You block the orc priest's attack.
A hound comes into view.
You completely miss the orc priest.
The orc priest is severely wounded.
The hound barks!
The orc priest mumbles some strange prayers to Beogh against you.
Beogh smites you!
You die...

## .. .# o# .#
############.#####
#######.........@oo...h#
........##########.##....
......### .# #
......######## s#
#............. o#
#.....######## .. #.....#
.. ###.### #. # #.#


You could see a hound, an orc priest and an orc.

Vanquished Creatures
  Sigmund (D:2)
  The ghost of Jeffwins the Slasher, an amateur OpFi (D:3)
  An orc warrior (D:6)
  A sky beast (D:6)
  An ice beast (D:5)
  2 necrophages
  An ogre (D:4)
  2 centaurs
  2 bullfrogs (D:6)
  A scorpion (D:6)
  A centaur zombie (D:6)
  A quasit (D:5)
  4 hounds
  3 jellies
  2 bullfrog skeletons
  An orc priest (D:6)
  Jessica (D:2)
  Terence (D:3)
  3 worker ants
  A hound zombie (D:6)
  A hound skeleton (D:5)
  2 worker ant zombies
  9 adders
  8 oozes (D:4)
  3 worms
  5 dart slugs
  5 leopard geckos
  12 orcs
  2 ball pythons
  6 bats
  9 giant cockroaches
  5 goblins
  5 hobgoblins
  3 jackals (D:4)
  2 quokkas
  6 frilled lizards
  16 kobolds
  19 rats
  4 bushes (D:1)
  10 plants (D:1)
163 creatures vanquished.

Vanquished Creatures (others)
  An adder (D:4)
  A ball python (D:4)
  A fungus (D:4)
  5 toadstools (D:4)
8 creatures vanquished.

Grand Total: 171 creatures vanquished

Notes
Turn   | Place    | Note
-------+----------+-------------------------------------------
     0 | D:1      | wolfsongas the Gargoyle Fighter began the quest for the Orb.
     0 | D:1      | Reached XP level 1. HP: 14/14 MP: 1/1
    31 | D:1      | Reached XP level 2. HP: 10/19 MP: 2/2
   519 | D:1      | Reached XP level 3. HP: 19/24 MP: 3/3
   937 | D:1      | Reached skill level 1 in Dodging
  1082 | D:1      | Reached skill level 3 in Maces & Flails
  1858 | D:2      | Reached XP level 4. HP: 29/29 MP: 4/4
  1901 | D:2      | Noticed Sigmund
  1917 | D:2      | Killed Sigmund
  1917 | D:2      | Reached skill level 5 in Maces & Flails
  1917 | D:2      | Reached XP level 5. HP: 25/34 MP: 5/5
  1917 | D:2      | Reached XP level 6. HP: 29/39 MP: 6/6
  2015 | D:2      | Noticed Jessica
  2041 | D:2      | Killed Jessica
  2231 | D:2      | Gained mutation: Your body sometimes deteriorates upon taking damage. [potion of mutation]
  2231 | D:2      | Gained mutation: Your mind is acute. (Int +2) [potion of mutation]
  2494 | D:2      | Found a sparkling altar of Nemelex Xobeh.
  2883 | D:3      | Noticed Terence
  2899 | D:3      | Killed Terence
  3026 | D:3      | Noticed Jeffwins's ghost (amateur OpFi)
  3043 | D:3      | Killed Jeffwins's ghost
  3043 | D:3      | Reached skill level 6 in Maces & Flails
  3043 | D:3      | Reached XP level 7. HP: 17/44 MP: 7/7
  3800 | D:4      | Found a sparkling altar of Nemelex Xobeh.
  3883 | D:4      | Found a stormy altar of Qazlal.
  3924 | D:4      | Became a worshipper of Qazlal Stormbringer
  4076 | D:4      | Reached skill level 5 in Fighting
  4498 | D:4      | Found a radiant altar of Vehumet.
  4548 | D:4      | Reached skill level 7 in Maces & Flails
  4774 | D:5      | Entered Level 5 of the Dungeon
  4781 | D:5      | Reached XP level 8. HP: 49/50 MP: 8/8
  4808 | D:5      | Found a burning altar of Makhleb.
  4815 | D:5      | Noticed a green death
  4816 | D:5      | Found a glowing silver altar of Zin.
  4817 | D:5      | Noticed an angel
  4828 | D:5      | Reached * piety under Qazlal
  5303 | D:6      | Reached skill level 8 in Maces & Flails
  5318 | D:6      | Reached skill level 5 in Armour
  5372 | D:6      | Found a staircase to the Ecumenical Temple.
  5587 | D:6      | Reached XP level 9. HP: 47/56 MP: 9/9
  5713 | D:6      | Reached skill level 9 in Maces & Flails
  5721 | D:6      | Reached skill level 1 in Invocations
  5726 | D:6      | Killed from afar by an orc priest

Skill      XL: |  1  2  3  4  5  6  7  8  9 |
---------------+----------------------------+-----
Dodging        | 1 |  1.3
Maces & Flails | 3 5 6 7 8 9 |  9.0
Fighting       | 4 5 6 |  6.9
Armour         | 4 5 |  5.9
Invocations    | 1 |  1.0
Stealth        | |  0.2
Shields        | |  3.2

Action                   |  1- 3 |  4- 6 |  7- 9 || total
-------------------------+-------+-------+-------++-------
Melee: Flail             |   641 |   158 |   362 ||  1161
  Use: Scroll            |     3 |     4 |     4 ||    11
       Potion            |     1 |     6 |     2 ||     9
  Eat: Meat ration       |     2 |       |     1 ||     3
       Bread ration      |       |       |     1 ||     1
       Chunk             |       |       |     1 ||     1
Armor: Scale mail        |    99 |    70 |   165 ||   334
Dodge: Dodged            |    40 |    47 |   103 ||   190
Block: Shield            |   101 |    83 |   222 ||   406
